 Dungeon Crawl Stone Soup version 0.31.0-32-g396128a36d (webtiles) character file.

Game seed: 8423337464597790293

61 spaghetti the Caller (level 4, -4/6 HPs)
             Began as an Oni Summoner on Mar 9, 2024.
             Slain by Sigmund
             ... wielding a +0 scythe
              (9 damage)
             ... on level 2 of the Dungeon.
             The game lasted 00:02:22 (1955 turns).

spaghetti the Caller (Oni Summoner)                 Turns: 1955, Time: 00:02:22

Health: -4/6       AC:  1    Str: 22    XL:     4   Next: 7%
Magic:  5/8        EV:  7    Int: 18    God:
Gold:   31         SH:  0    Dex:  9    Spells: 3/9 levels left

rFire   + + .        (weapon currently unavailable)
rCold   x . .        g - melded orb {*channel}
rNeg    . . .        a - melded +0 robe
rPois   +            (helmet currently unavailable)
rElec   .            (cloak currently unavailable)
rCorr   .            (gloves unavailable)
SInv    .            (boots unavailable)
Will    .....        (no amulet)
Stlth   +            (no ring)
HPRegen 0.21/turn    (no ring)
MPRegen 0.11/turn

%: no passive effects
@: confused, short of breath, dragon-form, flying, invisible, inugami summoned
A: dragon claw, dragon scales, breathe fire, flying, reduced hp, giant,
unfitting armour, (horns 1), (tough skin 1), double potion healing, drunken
brawling
a: Breathe Fire, Begin Untransformation


You were on level 2 of the Dungeon.
You were a fearsome dragon!
You visited 1 branch of the dungeon, and saw 3 of its levels.

You collected 31 gold pieces.

Inventory:

Armour
 a - a +0 robe (melded)
 g - an orb of energy (melded)
Talismans
 h - a dragon-blood talisman (active)
Scrolls
 c - 3 scrolls of identify {unknown}
 d - a scroll of teleportation {unknown}
 e - a scroll of silence {unknown}
 f - a scroll of revelation {unknown}
 i - a scroll of amnesia {unknown}
 j - a scroll of immolation {unknown}
Potions
 b - 2 potions of magic


   Skills:
 + Level 2.5 Fighting
 - Level 1.7 Dodging
 - Level 1.4 Stealth
 + Level 3.2 Spellcasting
 + Level 4.1 Summonings
 + Level 0.5 Shapeshifting


You had 3 spell levels left.
You knew the following spells:

 Your Spells              Type           Power      Damage    Failure   Level
a - Summon Small Mammal   Summ           68%        N/A       3%          1
b - Call Imp              Summ           34%        N/A       4%          2
c - Call Canine Familiar  Summ           17%        N/A       9%          3

Your spell library contained the following spells:

 Spells                   Type           Power      Damage    Failure   Level
 Freeze                   Ice            8%         1d3       16%         1
 Frozen Ramparts          Ice            4%         1d1       43%         3
 Hailstorm                Conj/Ice       2%         3d5       43%         3
 Summon Blazeheart Golem  Fire/Summ      10%        N/A       56%         4
 Summon Lightning Spire   Summ/Air       10%        N/A       56%         4
 Leda's Liquefaction      Alch/Erth      1%         N/A       85%         4
 Petrify                  Alch/Erth      2%         N/A       85%         4
 Metabolic Englaciation   Hex/Ice        1%         N/A       99%         5


Dungeon Overview and Level Annotations

Branches:
Dungeon (3/15)

Altars:

Annotations:
D:2 Sigmund


Innate Abilities, Weirdness & Mutations

You are a fearsome dragon!
You have a powerful clawing attack.
Your giant scaled body is strong and resilient, but less evasive.
You can breathe fire.
You are flying.
Your maximum health is decreased, since you lack skill for your form.
Your armour is entirely melded.
You are incapable of wielding weapons or throwing items.
You are too large for most types of armour.
((You have a pair of small horns on your head.))
((You have tough skin. (AC +1)))
You gain doubled healing and magic from potions.
Whenever you drink a healing potion, you attack all around you.


Message History

You begin transforming.
You continue transforming. x2
Sigmund says, "Look into my eyes."
Sigmund hits you from afar with a +0 scythe!
You continue transforming.
Sigmund hits you from afar with a +0 scythe!
You turn into a fearsome dragon!
Your orb of energy melds into your body.
Your +0 robe melds into your body.
HP restored.
Aiming: Breathe Fire (1% risk of failure)
Press: ? - help, Shift-Dir - straight line, f - Sigmund
Aim: Sigmund, wielding a +0 scythe and wearing a +0 robe (lightly wounded, 64% to hit)
You breathe a blast of fire.
The fiery breath misses Sigmund.
Unknown command.
Casting: Call Canine Familiar (astonishingly dangerous; 9% risk of failure)
Confirm with . or Enter, or press ? or * to list all spells.
You call for your canine familiar and it appears with a howl!
Sigmund mumbles some strange words.
Sigmund flickers and vanishes!
Deactivating autopickup; reactivate with Ctrl-A.
Something hits you.
Your inugami misses something.
You are confused.
Your inugami barely misses something.
It was a potion of invisibility.
You fade into invisibility!
Unknown command.
Your inugami hits something.
You are more confused.
Your inugami hits something.
Your inugami closely misses something.
You bump into the rock wall.
A puff of flame appears from out of thin air!
The puff of flame hits you. You resist.
Your inugami hits something but does no damage.
You bump into the rock wall.
You bump into the rock wall.
Your inugami hits something. Something hits you!
Ouch! That really hurt!
You die...

######### #.......# ######
#.......########### #>...#
#...............8.8
#.##.####{D.....#.####.....
##...†....h..#.###.# ##.♣.♣
#.........##.#.# #.# #####
###.........##...# #.#
#...........###### #.#
#...........# #.#
#.....#.....### #.#
#.....#..!....#
##........$...#


You could see a friendly inugami (summoned).

Vanquished Creatures
  A dart slug (D:1)
  A bat (D:1)
  An endoplasm (D:2)
  A giant cockroach (D:1)
  A goblin (D:1)
  A hobgoblin (D:2)
  3 kobolds (D:1)
  A quokka (D:1)
  3 ball pythons (D:1)
  A frilled lizard (D:2)
  2 rats (D:1)
16 creatures vanquished.

Vanquished Creatures (collateral kills)
  2 adders (D:2)
  A ball python (D:1)
  2 bats
  4 endoplasms
  A giant cockroach (D:2)
  2 hobgoblins
  2 jackals (D:2)
  2 kobolds (D:1)
  A quokka (D:1)
  2 frilled lizards
  2 goblins (D:1)
  A rat (D:1)
22 creatures vanquished.

Grand Total: 38 creatures vanquished

Notes
Turn   | Place    | Note
-------+----------+-------------------------------------------
     0 | D:1      | spaghetti the Oni Summoner began the quest for the Orb.
     0 | D:1      | Reached XP level 1. HP: 16/16 MP: 3/3
   204 | D:1      | Reached skill level 1 in Fighting
   240 | D:1      | Reached XP level 2. HP: 12/27 MP: 2/5
   247 | D:1      | Learned a level 2 spell: Call Imp
   816 | D:1      | Reached XP level 3. HP: 21/35 MP: 1/7
   820 | D:1      | Learned a level 3 spell: Call Canine Familiar
  1630 | D:2      | Reached skill level 4 in Summonings
  1865 | D:2      | Reached XP level 4. HP: 33/44 MP: 8/8
  1886 | D:2      | Noticed Sigmund
  1955 | D:2      | Slain by Sigmund

Illustrated notes

Levels and vault maps discovered:
D:1:      minmay_arrival_hallway, layout_basic
D:2:      layout_basic, chequers_avenue, serial_park_tiny_2, uniq_terence,
          uniq_sigmund
D:3:      layout_rooms, old_standard_altar

Skill      XL: |  1  2  3 |
---------------+----------+-----
Fighting       | 1 2 |  2.5
Spellcasting   | 3 |  3.2
Summonings     | 4 |  4.1
Dodging        | |  1.7
Stealth        | |  1.4
Shapeshifting  | |  0.5

Action                     |  1- 3 |  4- 6 || total
---------------------------+-------+-------++-------
  Melee: Unarmed           |   117 |     4 ||   121
         Headbutt          |    15 |       ||    15
         Punch             |     1 |       ||     1
   Cast: Summon Small Mamm |    20 |       ||    20
         Call Imp          |    12 |     2 ||    14
         Call Canine Famil |     4 |     3 ||     7
Ability: Breathe Fire      |       |     1 ||     1
    Use: Potion            |       |     1 ||     1
   Stab: Sleeping          |     1 |       ||     1
 Armour: Robe              |    98 |     6 ||   104
         Skin              |       |     3 ||     3
  Dodge: Dodged            |    45 |     5 ||    50
   Form: Dragon            |       |     1 ||     1
